 Dungeon Crawl Stone Soup version 0.29.0-4-gdea44cf6ec (webtiles) character file.

Game seed: 6845431686552800593

257 qw the Chopper (level 6, -1/35 HPs)
             Began as a Tengu Warper on Aug 28, 2022.
             Slain by an orc
             ... wielding a +2 vorpal mace
              (7 damage)
             ... on level 3 of the Dungeon.
             The game lasted 00:00:11 (2140 turns).

qw the Chopper (Tengu Warper)                       Turns: 2140, Time: 00:00:12

Health: -1/35      AC:  6    Str: 13    XL:     6   Next: 16%
Magic:  10/10      EV: 11    Int: 13    God:
Gold:   41         SH:  0    Dex: 14    Spells: 9/9 levels left

rFire   + . .      SeeInvis .   Y - +0 hand axe
rCold   + + .      Faith    .   (no shield)
rNeg    . . .      Spirit   .   e - +0 scale mail
rPois   .          Reflect  .   (helmet restricted)
rElec   .          Harm     .   k - scarf {rC+ rF+}
rCorr   .          Rampage  .   (no gloves)
Will    .....                   (boots unavailable)
Stlth   ..........              (no amulet)
HPRegen 0.11/turn               l - ring of protection from cold
MPRegen 0.12/turn               (no ring)

@: weak-willed, flying quickly and evasively, quick
A: beak, talons 3, nimble flight
a: no special abilities


You were on level 3 of the Dungeon.
You visited 1 branch of the dungeon, and saw 3 of its levels.

You collected 69 gold pieces.
You spent 28 gold pieces at shops.


Innate Abilities, Weirdness & Mutations

You have a beak for a mouth.
You have claws for feet.
Your magical nature lets you fly swiftly and evasively.


   Skills:
 - Level 2.0 Fighting
 + Level 6.9 Axes
 - Level 1.0 Throwing
 - Level 1.1 Armour
 - Level 2.1 Dodging
 - Level 2.0 Spellcasting
 - Level 2.4 Translocations


You had 9 spell levels left.
You didn't know any spells.
Your spell library contained the following spells:

 Spells                   Type           Power      Damage    Failure   Level
 Blink                    Tloc           14%        N/A       56%         2
 Gell's Gravitas          Tloc           7%         N/A       80%         3
 Lesser Beckoning         Tloc           7%         N/A       80%         3
 Teleport Other           Tloc           7%         N/A       80%         3
 Manifold Assault         Tloc           7%         N/A       100%        5

Inventory:

Hand Weapons
 h - a +0 whip
 Y - a +0 hand axe (weapon)
Missiles
 c - a javelin (quivered)
Armour
 e - a +0 scale mail (worn)
 g - a +0 cloak
 k - a scarf of resistance (worn)
Jewellery
 l - a ring of protection from cold (left hand)
Scrolls
 a - a scroll of teleportation
 b - a scroll of identify
Potions
 d - a potion of mutation {unknown}
 i - a potion of resistance {unknown}

Dungeon Overview and Level Annotations

Branches:
Dungeon (3/15)

Altars:
Gozag

Shops:
D:2 ?(!=


Message History

The adder is almost dead.
The javelin closely misses the adder.
You closely miss the adder.
The adder is almost dead.
The adder bites you but does no damage.
You closely miss the adder. You claw the adder.
You kill the adder!
You completely miss the adder. You claw the adder.
The adder is heavily wounded.
The adder barely misses you. The adder closely misses you.
You slash the adder!
You kill the adder!
An orc priest comes into view. It is wielding a +0 club.
2133 ||| Stepping ~*~*~tactically~*~*~ (stealth).
2134 ||| Stepping ~*~*~tactically~*~*~ (stealth).
An orc priest and an orc come into view.
The orc is wielding a +1 antimagic hand axe.
The orc priest shouts!
The orc shouts!
An orc comes into view. It is wielding a +2 vorpal mace.
An orc comes into view. It is wielding a +0 dagger.
The orc shouts!
You hit the orc priest but do no damage.
You claw the orc priest. Your peck misses the orc priest.
The orc priest is moderately wounded.
A hobgoblin comes into view.
The orc priest invokes the aid of Beogh against you.
Beogh smites you!
The hobgoblin shouts!
You barely miss the orc priest. You claw the orc priest.
You peck the orc priest, but do no damage.
The orc priest is heavily wounded.
The orc priest hits you with a +0 club.
You closely miss the orc priest. Your peck misses the orc priest.
The orc priest is heavily wounded.
You hit the orc priest. You claw the orc priest. You peck the orc priest.
The orc priest is almost dead.
You hit the orc.
The orc priest mumbles some strange prayers to Beogh against you.
Pain shoots through your body! The orc hits you with a +2 vorpal mace!
You die...

###### . #.....# ..
#.....# ... #.....#
.... #.....###.....
#.............. ..
#..:...# ...
....#......###.g...
......<<...@ooo....
........(..o#......
..........#.# .....
....#######.# ....
... ... ... .. #..#
.. . ##.. . #..


You could see an orc priest, 3 orcs and a hobgoblin.

Vanquished Creatures
  Sigmund (D:2)
  5 adders
  A dart slug (D:1)
  6 endoplasms
  5 giant cockroaches
  A goblin (D:2)
  2 hobgoblins (D:1)
  2 jackals (D:1)
  2 quokkas (D:2)
  3 ball pythons
  6 bats
  2 frilled lizards (D:1)
  4 kobolds
  3 rats (D:1)
43 creatures vanquished.

Notes
Turn   | Place    | Note
-------+----------+-------------------------------------------
     0 | D:1      | qw the Tengu Warper began the quest for the Orb.
     0 | D:1      | Reached XP level 1. HP: 12/12 MP: 4/4
     0 | D:1      | 0 ||| qw: Version: 0.1-a-89-g26bdef1
     0 | D:1      | 0 ||| qw: Game counter: 2939
     0 | D:1      | 0 ||| qw: Always use a shield: true
     0 | D:1      | 0 ||| qw: God list: Okawaru
     0 | D:1      | 0 ||| qw: Allow faded altars: false
     0 | D:1      | 0 ||| qw: Do Orc after D:15 true
     0 | D:1      | 0 ||| qw: Do second Lair branch before Depths: true
     0 | D:1      | 0 ||| qw: Lair rune preference: random
     0 | D:1      | 0 ||| qw: Plans: Normal
     0 | D:1      | 0 ||| PLANNING D:1-11
    75 | D:1      | Reached skill level 3 in Axes
    75 | D:1      | Reached XP level 2. HP: 17/17 MP: 6/6
   273 | D:1      | 273 ||| Stepping ~*~*~tactically~*~*~ (stealth).
   276 | D:1      | 276 ||| Stepping ~*~*~tactically~*~*~ (stealth).
   277 | D:1      | 277 ||| Stepping ~*~*~tactically~*~*~ (stealth).
   283 | D:1      | 283 ||| Stepping ~*~*~tactically~*~*~ (stealth).
   285 | D:1      | 285 ||| Stepping ~*~*~tactically~*~*~ (stealth).
   288 | D:1      | 288 ||| Stepping ~*~*~tactically~*~*~ (stealth).
   291 | D:1      | 291 ||| Stepping ~*~*~tactically~*~*~ (stealth).
   292 | D:1      | 292 ||| Stepping ~*~*~tactically~*~*~ (stealth).
   435 | D:1      | 435 ||| Stepping ~*~*~tactically~*~*~ (stealth).
   515 | D:1      | Reached XP level 3. HP: 21/21 MP: 7/7
   629 | D:1      | 629 ||| Stepping ~*~*~tactically~*~*~ (stealth).
   631 | D:1      | 631 ||| Stepping ~*~*~tactically~*~*~ (stealth).
   871 | D:1      | 871 ||| UPGRADING to +0 scale mail.
   881 | D:1      | 881 ||| DROPPING +0 leather armour.
   882 | D:1      | 882 ||| DROPPING scarf of shadows.
   883 | D:1      | 883 ||| READING scroll labelled MORYUR GUSCHO.
   884 | D:1      | 884 ||| READING scroll labelled FEKAL TIAPROJU.
   885 | D:1      | 885 ||| READING scroll labelled VUCEBB KOUSS.
   886 | D:1      | 886 ||| DROPPING scroll of blinking.
   902 | D:2      | Found Teconyw's Magic Scroll Shoppe.
   923 | D:2      | Reached skill level 4 in Axes
   967 | D:2      | 967 ||| SHOPLISTING scroll of brand weapon (133 gold, have
                  | 42).
   967 | D:2      | 967 ||| BUYING scroll of identify (28 gold).
   967 | D:2      | Bought a scroll of identify for 28 gold pieces
   967 | D:2      | 967 ||| SHOPLISTING scroll of identify (28 gold, have 14).
   967 | D:2      | 967 ||| SHOPLISTING scroll of teleportation (42 gold, have
                  | 14).
  1052 | D:2      | Found Ustraz's Distillery.
  1053 | D:2      | Found an opulent altar of Gozag.
  1084 | D:2      | 1084 ||| SHOPLISTING potion of curing (33 gold, have 14).
  1084 | D:2      | 1084 ||| SHOPLISTING potion of heal wounds (55 gold, have
                  | 14).
  1084 | D:2      | 1084 ||| SHOPLISTING potion of might (44 gold, have 14).
  1084 | D:2      | 1084 ||| SHOPLISTING potion of resistance (110 gold, have
                  | 14).
  1198 | D:2      | 1198 ||| Stepping ~*~*~tactically~*~*~ (stealth).
  1284 | D:2      | Reached XP level 4. HP: 24/26 MP: 8/8
  1326 | D:2      | Found Oziurax's Jewellery Emporium.
  1341 | D:2      | 1341 ||| SHOPLISTING +4 ring of slaying (858 gold, have
                  | 14).
  1341 | D:2      | 1341 ||| SHOPLISTING +6 ring of dexterity (396 gold, have
                  | 14).
  1341 | D:2      | 1341 ||| SHOPLISTING amulet of regeneration (330 gold, have
                  | 14).
  1341 | D:2      | 1341 ||| SHOPLISTING amulet of the acrobat (330 gold, have
                  | 14).
  1341 | D:2      | 1341 ||| SHOPLISTING ring of Dishonour {Ice Dex+6} (490
                  | gold, have 14).
  1341 | D:2      | 1341 ||| SHOPLISTING ring of Nebytaf {rF+ rC+ rCorr Stlth-}
                  | (475 gold, have 14).
  1486 | D:2      | Found Cuv Qusm's Weapon Shoppe.
  1495 | D:2      | 1495 ||| SHOPLISTING +1 mace of holy wrath (161 gold, have
                  | 36).
  1601 | D:2      | Noticed Sigmund
  1610 | D:2      | Killed Sigmund
  1611 | D:2      | Reached skill level 6 in Axes
  1611 | D:2      | Gained mutation: Your magical nature lets you fly swiftly
                  | and evasively. [Tengu growth]
  1611 | D:2      | Reached XP level 5. HP: 11/30 MP: 9/9
  1611 | D:2      | Reached XP level 6. HP: 13/35 MP: 10/10
  2092 | D:2      | 2092 ||| UPGRADING to +0 cloak.
  2097 | D:2      | 2097 ||| UPGRADING to scarf of resistance.
  2107 | D:2      | 2107 ||| UPGRADING to ring of protection from cold.
  2108 | D:2      | 2108 ||| READING 2 scrolls labelled XUINIL BELAWN.
  2111 | D:2      | 2111 ||| READING 2 scrolls labelled PUEQELE CAQEU.
  2112 | D:2      | 2112 ||| READING scroll labelled XUUCES RAIQU.
  2113 | D:2      | 2113 ||| DROPPING scroll of fear.
  2124 | D:3      | 2124 ||| PLANNING SEWER
  2133 | D:3      | 2133 ||| Stepping ~*~*~tactically~*~*~ (stealth).
  2134 | D:3      | 2134 ||| Stepping ~*~*~tactically~*~*~ (stealth).
  2140 | D:3      | HP: 6/35 [orc priest/nerve-wracking pain (13)]
  2140 | D:3      | Slain by an orc

Levels and vault maps discovered:
D:1:      dpeg_chamrin_arrival_tetris, layout_basic, serial_rivers,
          chequers_serial_rivers_micro_a, chequers_serial_rivers_small_3,
          chequers_serial_rivers_micro_a, chequers_serial_rivers_small_a,
          chequers_serial_rivers_marsh, chequers_serial_rivers_small_3,
          hex_intersection
D:2:      layout_loops_ring, serial_shops, shop, shop,
          nicolae_shop_advertising_works [nicolae_subvault_shop_adworks],
          nicolae_shop_bloodbath_and_beyond, basic_altar, uniq_sigmund
D:3:      minmay_chambers_of_threes, layout_rooms, mainiacjoe_overflow_catwalk,
          hellmonk_ecumenical_altar_dog_temple, gup_sewer_entry_bubbles,
          chequers_serial_rivers_micro_b

Skill      XL: |  1  2  3  4 |
---------------+-------------+-----
Axes           | 3 4 6 |  6.9
Fighting       | |  2.0
Throwing       | |  1.0
Armour         | |  1.1
Dodging        | |  2.1
Spellcasting   | |  2.0
Translocations | |  2.4

Action                   |  1- 3 |  4- 6 || total
-------------------------+-------+-------++-------
Melee: Hand axe          |    64 |    25 ||    89
       Kick              |    14 |    12 ||    26
       Peck              |     5 |     5 ||    10
Throw: Boomerang         |     7 |       ||     7
       Javelin           |    11 |     7 ||    18
  Use: Scroll            |     3 |     3 ||     6
Armor: Leather armour    |     8 |       ||     8
       Scale mail        |    13 |     6 ||    19
Dodge: Dodged            |    28 |     8 ||    36

Table legend:
 A = Non-vault XP
 B = Vault XP
 C = Vault XP percentage of total XP
 D = Non-vault monster count
 E = Vault monster count
 F = Vault count percentage of total count
                 A         B        C        D         E       F
            +---------+---------+-------+---------+---------+-------
      Total |     129 |     239 |  64.9 |      42 |       1 |   2.3
            +---------+---------+-------+---------+---------+-------
        D:1 |      43 |       0 |   0.0 |      26 |       0 |   0.0
        D:2 |      59 |     239 |  80.2 |      14 |       1 |   6.7
        D:3 |      27 |       0 |   0.0 |       2 |       0 |   0.0
            +---------+---------+-------+---------+---------+-------
